 Dungeon Sprint DCSS version 0.24-a0-170-gd8427f5 (webtiles) character file.

Game seed: 1148152467621082809

0 Dfrag the Shield-Bearer (level 2, -2/25 HPs)
             Began as a Formicid Fighter on Mar 10, 2019.
             Was an Initiate of Makhleb.
             Slain by a gnoll
             ... wielding a +2 spear of venom
              (7 damage)
             ... in the Dungeon (Sprint VI: "Thunderdome").
             The game lasted 00:00:19 (24 turns).

Dfrag the Shield-Bearer (Formicid Fighter)            Turns: 24, Time: 00:00:19

Health: -2/25      AC:  7    Str: 20    XL:     2   Next: 30%
Magic:  2/2        EV:  8    Int:  7    God:    Makhleb [......]
Gold:   200        SH:  9    Dex: 10    Spells: 1/1 levels left

rFire    . . .     SeeInvis +   a - +0 war axe
rCold    . . .     Gourm    .   c - +0 shield
rNeg     . . .     Faith    .   b - +0 scale mail
rPois    .         Spirit   .   (helmet unavailable)
rElec    .         Reflect  .   (no cloak)
rCorr    .         Harm     .   (no gloves)
MR       .....                  (no boots)
Stlth    ..........             (no amulet)
HPRegen  0.08/turn              (no ring)
MPRegen  0.08/turn              (no ring)

@: lethally poisoned (-2 -> -29)
A: permanent stasis, dig shafts and tunnels, four strong arms, antennae 3
a: Dig, Renounce Religion


You were in the Dungeon.
You worshipped Makhleb.
Makhleb was noncommittal.
You were not hungry.

You visited 1 branch You collected 200 gold pieces.

Inventory:

Hand Weapons
 a - a +0 war axe (weapon)
Armour
 b - a +0 scale mail (worn)
 c - a +0 shield (worn)
Wands
 h - a wand of acid (5)
 j - a wand of iceblast (5)
Scrolls
 k - 3 scrolls of fog
Potions
 d - a potion of might
 e - a potion of curing
 g - 4 potions of heal wounds
 i - 2 potions of magic
 l - a potion of resistance
Comestibles
 f - a ration


   Skills:
 + Level 4.0 Fighting
 + Level 2.8 Axes
 + Level 4.0 Armour
 + Level 4.4 Shields


You had one spell level left.
You didn't know any spells.
Your spell library was empty.

Dungeon Overview and Level Annotations

Branches:
Dungeon (1/1)

Altars:
Fedhas
Gozag
Makhleb
Ru
Trog
Uskayaw
Wu Jian
Xom
Zin
Beogh

Shops:
D *[%?**[(


Innate Abilities, Weirdness & Mutations

You cannot be hasted, slowed, berserked, paralysed or teleported.
You can dig through walls and to a lower floor.
Your four strong arms can wield two-handed weapons with a shield.
You have a pair of large antennae on your head. (SInv)


Message History

The hound bites you but does no damage.
Unknown command.
Press < or > to pray at altars. 50...
You feel sick.
The gnoll hits you with a +2 spear of venom.
* * * LOW HITPOINT WARNING * * *
You are lethally poisoned!
The hound bites you but does no damage.
There is a shimmering altar of Xom here.
You hit the gnoll.
The gnoll is heavily wounded.
You hit the hound.
* * * LOW HITPOINT WARNING * * *
You feel sick. You block the hound's attack.
The gnoll hits you but does no damage.
You are more poisoned.
You block the hound's attack.
The gnoll hits you with a +2 spear of venom!
You die...

........# #.<.# ....
........###...###......
...........###.........
∩........8.# #.8......
#∩___......###......_
######.8.........8.#
#⌠...........⌠#
###........g###
#_......h@# #........_#
#........_# #∩.......∩#
##∩.....∩## ##.....##
##⌠⌠⌠## ####


You could see a hound and a gnoll.

Vanquished Creatures
  A gnoll (D)
1 creature vanquished.

Notes
Turn   | Place    | Note
-------+----------+-------------------------------------------
     0 | D        | Dfrag the Formicid Fighter began the quest for the Orb.
     0 | D        | Reached XP level 1. HP: 18/18 MP: 1/1
     4 | D        | Found a bloodstained altar of Trog.
     4 | D        | Found an opulent altar of Gozag.
     5 | D        | Found a glowing silver altar of Zin.
     5 | D        | Round 1.
     6 | D        | Found a sacrificial altar of Ru.
     6 | D        | Found a hide-covered altar of Uskayaw.
     7 | D        | Found Jyess's Identification Station.
     7 | D        | Found a blossoming altar of Fedhas.
     7 | D        | Found Lumoper's Delicious Food.
     8 | D        | Found Diohoqud's Advanced Armour.
     8 | D        | Found Ethres's Jewellery.
    10 | D        | Noticed a hound
    12 | D        | Found a shimmering altar of Xom.
    12 | D        | Found a burning altar of Makhleb.
    12 | D        | Found a roughly hewn altar of Beogh.
    12 | D        | Found Besoete's Premium Goods.
    12 | D        | Found Mutodgh's Weapon Rack.
    13 | D        | Found Keexeumn's Miscellaneous Merchandise.
    13 | D        | Found Qain's Basic Armour.
    16 | D        | Found an ornate altar of the Wu Jian Council.
    20 | D        | Became a worshipper of Makhleb the Destroyer
    22 | D        | Reached XP level 2. HP: 12/25 MP: 2/2
    24 | D        | Slain by a gnoll

Levels and vault maps discovered:
D:        arena_sprint

Skill      XL: |  1 |
---------------+----+-----
Fighting       | 4 |  4.0
Armour         | 4 |  4.0
Shields        | 4 |  4.4
Axes           | |  2.8

Action                   || total
-------------------------++-------
Melee: War axe           ||     3
Armor: Scale mail        ||     7
Dodge: Dodged            ||     3
Block: Shield            ||     8

Table legend:
 A = Non-vault XP
 B = Vault XP
 C = Vault XP percentage of total XP
 D = Non-vault monster count
 E = Vault monster count
 F = Vault count percentage of total count
                 A         B        C        D         E       F
            +---------+---------+-------+---------+---------+-------
      Total |      15 |       0 |   0.0 |       1 |       0 |   0.0
            +---------+---------+-------+---------+---------+-------
          D |      15 |       0 |   0.0 |       1 |       0 |   0.0
            +---------+---------+-------+---------+---------+-------
